 Dungeon Crawl Stone Soup version 0.32-a0-799-g95e1662365 (webtiles) character file.

Game seed: 11117187902458852661

43 ezpacito the Chopper (level 3, 0/43 HPs)
             Began as a Coglin Chaos Knight on Mar 21, 2024.
             Was a Plaything of Xom.
             Succumbed to Sigmund's poison
             ... on level 2 of the Dungeon.
             The game lasted 00:01:19 (1001 turns).

ezpacito the Chopper (Coglin Chaos Knight)          Turns: 1001, Time: 00:01:20

Health: 0/43       AC: 21    Str: 14    XL:     3   Next: 58%
Magic:  3/3        EV:  2    Int: 11    God:    Xom [....*.]
Gold:   134        SH:  0    Dex: 13    Spells: 2/2 levels left

rFire   . . .        a - +0 hand axe (chaos) {Pete}
rCold   . . .        d - +0 dagger {Kannika}
rNeg    . . .        h - melded +0 chain mail
rPois   +            (helmet currently unavailable)
rElec   .            (cloak currently unavailable)
rCorr   .            (gloves currently unavailable)
SInv    .            (boots currently unavailable)
Will    .....        (no amulet)
Stlth   +            (no ring)
HPRegen 0.27/turn    (no ring)
MPRegen 0.08/turn    (no gizmo)

%: no passive effects
@: confused, brilliant, lethally poisoned (0 -> -3), tree-form, on berserk
cooldown, slowed, very slow
A: stationary, stasis, torment immunity, boosted hp, off-hand wielding, slow
wielding, warmup strikes, (no jewellery)
a: Invent Gizmo, Renounce Religion


You were on level 2 of the Dungeon.
You worshipped Xom.
You were a beloved toy of Xom.
You were a tree.
You visited 1 branch of the dungeon, and saw 4 of its levels.

You collected 134 gold pieces.

Inventory:

Hand Weapons
 a - a +0 hand axe of chaos (weapon) {Pete}
 d - a +0 dagger (offhand) {Kannika}
Armour
 h - a +0 chain mail (melded)
 j - a +0 helmet
Scrolls
 b - a scroll of identify {unknown}
 c - a scroll of butterflies
 f - a scroll of immolation {unknown}
 k - 3 scrolls of vulnerability {unknown}


   Skills:
 * Level 3.2 Fighting
 * Level 3.4(3.5) Axes
 + Level 0.5(2.0) Polearms
 * Level 2.1 Armour
 * Level 1.3 Dodging
 + Level 0.4 Stealth
 + Level 0.2 Spellcasting


You had 2 spell levels left.
You didn't know any spells.
Your spell library contained the following spells:

 Spells                   Type           Power      Damage    Failure   Level
 Cause Fear               Hex            0%         N/A       98%         4
 Fireball                 Conj/Fire      0%         3d3       100%        5
 Dragon's Call            Summ           0%         N/A       100%        9


Dungeon Overview and Level Annotations

Branches:
Dungeon (4/15)
 Temple: D:4-7

Altars:

Annotations:
D:2 Sigmund
D:4 2 runed translucent doors, Rallik's ghost, amateur OpSh


Innate Abilities, Weirdness & Mutations

You are a tree.
Your roots penetrate the ground, keeping you stationary.
You cannot be teleported.
You are immune to unholy pain and torment.
Your maximum health is greatly increased.
Your equipment is partially melded.
You can wield a second weapon in your off-hand.
It takes a long time for you to wield or remove held weapons.
Your first few attacks do less damage.
((You cannot equip rings or amulets.))


Message History

You swing at nothing.
You hear some strange, mumbled words.
Something tries to affect you, but you resist.
You swing at nothing.
Something hits you.
You take 3 damage, and have 17/43 hp.
You swing at nothing.
Something hits you but does no damage.
You swing at nothing.
You hear some strange, mumbled words.
You are confused.
You nearly hit yourself!
Something hits you.
You take 5 damage, and have 13/43 hp.
You aren't carrying any potions.
You are too confused!
Unknown command.
You are too confused!
Unknown command.
Okay, then.
You swing at nothing.
You hear some strange, mumbled words.
You are more confused.
Something hits you but does no damage.
You are poisoned.
You swing at nothing.
* * * LOW HITPOINT WARNING * * *
You feel very sick.
You hear some strange, mumbled words.
A puff of flame appears from out of thin air!
The puff of flame hits you but does no damage.
You swing at nothing.
You feel sick.
You hear some strange, mumbled words.
A puff of flame appears from out of thin air!
The puff of flame hits you.
* * * LOW HITPOINT WARNING * * *
Something hits you but does no damage.
You swing at nothing.
* * * LOW HITPOINT WARNING * * *
You feel sick. Something hits you but does no damage.
You swing at nothing.
You die...
Xom laughs nastily!

#...... #......
#...)..
.#############......
........ #.........
#....$## #.##......
#.#....###.########
#.#....#....# #
#.♣.{..#....### #
##.......##..<#####
#....##...........
#..>....+........###.
###.....####...[.# #.
#.....# #.....###.
#....## ##.....##.
####[# #......#. #.
######...


There were no monsters in sight!

Vanquished Creatures
  2 adders
  A dart slug (D:1)
  2 bats (D:1)
  2 giant cockroaches
  3 goblins
  2 hobgoblins
  3 jackals (D:1)
  2 ball pythons (D:1)
  4 frilled lizards (D:1)
  A kobold (D:2)
  3 rats (D:1)
25 creatures vanquished.

Notes
Turn   | Place    | Note
-------+----------+-------------------------------------------
     0 | D:1      | ezpacito the Coglin Chaos Knight began the quest for the
                  | Orb.
     0 | D:1      | Reached XP level 1. HP: 18/18 MP: 1/1
   121 | D:1      | Reached skill level 1 in Dodging
   184 | D:1      | XOM: silly message
   203 | D:1      | Reached XP level 2. HP: 22/24 MP: 2/2
   392 | D:1      | XOM: scenery: summon butterflies
   456 | D:1      | XOM: polymorph jackal -> adder
   461 | D:1      | Reached XP level 3. HP: 21/29 MP: 3/3
   790 | D:2      | You fall into a shaft and drop 2 floors!
   790 | D:4      | Found a runed translucent gate.
   790 | D:4      | Found a runed translucent gate.
   792 | D:4      | Noticed a kobold brigand
   793 | D:4      | Noticed Rallik's ghost (amateur OpSh)
   971 | D:2      | Noticed Sigmund
  1000 | D:2      | HP: 1/43 [poisoned by Sigmund]
  1001 | D:2      | Succumbed to Sigmund's poison

Illustrated notes

Levels and vault maps discovered:
D:1:      lemuel_arrival_rhombus, layout_loops_cross, dreamdust_princess_bridge
D:2:      layout_basic, uniq_sigmund
D:3:      layout_loops_corners, grunt_temple_overflow_open,
          ebering_ecumenical_altar_webs
D:4:      layout_gridville, gammafunk_ghost_nasty_kobolds

Skill      XL: |  1  2 |
---------------+-------+-----
Dodging        | 1 |  1.3
Armour         | 2 |  2.1
Fighting       | |  3.2
Axes           | |  3.4
Polearms       | |  0.5
Stealth        | |  0.4
Spellcasting   | |  0.2

Action                     || total
---------------------------++-------
  Melee: Hand axe          ||    52
         Dagger            ||    48
    Use: Potion            ||     4
   Stab: Sleeping          ||     1
 Armour: Leather armour    ||    29
         Chain mail        ||    17
         Skin              ||    14
  Dodge: Dodged            ||    33

Table legend: (Time is in decaauts)
 A = Elapsed time spent in this place.
 B = Non-inter-level travel time spent in this place.
 C = Inter-level travel time spent in this place.
 D = Time resting spent in this place.
 E = Time spent auto-exploring this place.
 F = Levels seen in this place.
 G = Mean time per level.
                   A        B        C        D        E       F      G
               +--------+--------+--------+--------+--------+-----+--------+
         Total |   1009 |    976 |     33 |      0 |    767 |   4 |  252.2 |
       Dungeon |   1009 |    976 |     33 |      0 |    767 |   4 |  252.2 |
               +--------+--------+--------+--------+--------+-----+--------+

Top non-repeatable levels by time:
     D:1: 746 daAuts
     D:2: 207 daAuts
     D:3: 31 daAuts
     D:4: 23 daAuts
